 Dungeon Crawl Stone Soup version 0.31-a0-185-g9dded2c639 (webtiles) character file.

Game seed: 14186195778665334075

1017 qw the Skirmisher (level 8, 0/46 HPs)
             Began as a Deep Elf Hunter on June 22, 2023.
             Was an Initiate of Okawaru.
             Slain by a lemure (4 damage)
             ... led by Pikel
             ... on level 7 of the Dungeon.
             The game lasted 00:01:55 (4267 turns).

qw the Skirmisher (Deep Elf Hunter)                 Turns: 4267, Time: 00:01:55

Health: 0/46       AC:  7    Str: 10    XL:     8   Next: 1%
Magic:  10/10      EV: 16    Int: 15    God:    Okawaru [......]
Gold:   214        SH:  0    Dex: 18    Spells: 7/7 levels left

rFire   . . .        Y - +0 shortbow
rCold   . . .        (shield currently unavailable)
rNeg    . . .        h - +0 ring mail
rPois   .            a - +0 helmet
rElec   .            (no cloak)
rCorr   .            e - +0 pair of gloves
SInv    .            (no boots)
Will    .....        (no amulet)
Stlth   +            d - +5 ring of evasion
HPRegen 0.27/turn    (no ring)
MPRegen 0.12/turn

%: no passive effects
@: no status effects
A: no striking features
a: Renounce Religion


You were on level 7 of the Dungeon.
You worshipped Okawaru.
Okawaru was noncommittal.
You visited 2 branches of the dungeon, and saw 8 of its levels.

You collected 214 gold pieces.


   Skills:
 - Level 3.3 Fighting
 + Level 11.5 Ranged Weapons
 - Level 1.6 Armour
 - Level 3.4 Dodging
 - Level 1.2 Stealth


You had 7 spell levels left.
You didn't know any spells.
Your spell library was empty.

Inventory:

Hand Weapons
 Y - a +0 shortbow (weapon)
Armour
 a - a +0 helmet (worn)
 e - a +0 pair of gloves (worn)
 h - a +0 ring mail (worn)
Jewellery
 d - a +5 ring of evasion (left hand)
Wands
 j - a wand of digging (3)
Scrolls
 i - a scroll of identify
Potions
 c - a potion of curing
 g - a potion of lignification {unknown}
 k - a potion of cancellation {unknown}

Dungeon Overview and Level Annotations

Branches:
Dungeon (8/15)             Temple (1/1) D:5
   Lair: D:8-11

Altars:
Ashenzari
Dithmenos
Elyvilon
Gozag
Hepliaklqana
Nemelex Xobeh
Okawaru
Ru
Sif Muna
Uskayaw
Yredelemnul
The Shining One

Shops:
D:4 [

Annotations:
D:7 Pikel


Message History

Pikel is lightly wounded.
The lemure closely misses you. The lemure hits you. The lemure misses you.
Pikel barely misses you.
You shoot an arrow. The arrow misses Pikel.
The lemure hits you. The lemure barely misses you.
The lemure hits you but does no damage. Pikel barely misses you.
You shoot an arrow. The arrow hits Pikel!
Pikel is moderately wounded.
The lemure closely misses you. The lemure barely misses you.
The lemure hits you.
Pikel hits you with a +1 whip of electrocution.
You shoot an arrow.
The arrow hits Pikel but does no damage.
Pikel is moderately wounded.
The lemure hits you. Pikel barely misses you. The lemure hits you.
The lemure hits you but does no damage.
4262 ||| DRINKING potion of heal wounds.
You feel much better. The lemure misses you.
The lemure hits you but does no damage. Pikel misses you.
The lemure misses you.
You shoot an arrow. The arrow closely misses Pikel.
The lemure hits you. x3; Pikel barely misses you.
You shoot an arrow. The arrow closely misses Pikel.
Pikel closely misses you. The lemure barely misses you.
The lemure hits you but does no damage. The lemure completely misses you.
You shoot an arrow.
The arrow hits Pikel but does no damage.
Pikel is moderately wounded.
The lemure hits you. The lemure barely misses you. Pikel closely misses you.
The lemure hits you but does no damage.
You shoot an arrow. The arrow hits Pikel.
Pikel is heavily wounded.
The lemure hits you! The lemure hits you. The lemure closely misses you.
Pikel hits you with a +1 whip of electrocution.
You shoot an arrow. The arrow hits Pikel.
Pikel is heavily wounded.
The lemure closely misses you. The lemure hits you.
Pikel hits you with a +1 whip of electrocution.
The lemure hits you.
You die...

##.## ... ##...##
...... ##.....##
...... ..
##.......##......
...#.........#......
....................
.......>)...........
.....##.%..)........
.......####5@.......
......# #.K55.....#
..... .......#.##.#
........#..>.# #
.............. ...
..........#
..........#
.........#


You could see Pikel and 3 lemures.

Vanquished Creatures
  Sigmund (D:4)
  An orc warrior (D:7)
  A lemure (D:7)
  A phantom (D:4)
  A kobold brigand (D:8)
  3 scorpions
  A howler monkey (D:7)
  2 hounds
  A gnoll bouda (D:5)
  An iguana (D:7)
  An orc wizard (D:3)
  12 gnolls
  2 adders
  An ufetubus (D:5)
  2 worms (D:4)
  2 dart slugs
  14 orcs
  9 ball pythons
  6 endoplasms
  5 giant cockroaches
  6 goblins
  7 hobgoblins
  3 jackals (D:2)
  11 kobolds
  5 quokkas
  3 bats
  3 rats
105 creatures vanquished.

Notes
Turn   | Place    | Note
-------+----------+-------------------------------------------
     0 | D:1      | qw the Deep Elf Hunter began the quest for the Orb.
     0 | D:1      | Reached XP level 1. HP: 12/12 MP: 3/3
     0 | D:1      | 0 ||| qw: Version: 0.3-a-9-g12657ce
     0 | D:1      | 0 ||| qw: Game counter: 1865
     0 | D:1      | 0 ||| qw: Always use a shield: true
     0 | D:1      | 0 ||| qw: God list: Okawaru
     0 | D:1      | 0 ||| qw: Allow faded altars: false
     0 | D:1      | 0 ||| qw: Do Orc after D:15 true
     0 | D:1      | 0 ||| qw: Do second Lair branch before Depths: true
     0 | D:1      | 0 ||| qw: Lair rune preference: random
     0 | D:1      | 0 ||| qw: Plans: Normal
     0 | D:1      | 0 ||| PLANNING D:1-11
    50 | D:1      | 50 ||| UPGRADING to +5 ring of evasion.
    51 | D:1      | 51 ||| READING scroll labelled BUGEOSS NUVEISS.
    52 | D:1      | 52 ||| READING scroll labelled TOR SEVAWINE.
    53 | D:1      | 53 ||| DROPPING scroll of butterflies.
   217 | D:1      | 217 ||| READING scroll labelled BUZEST WEABAN.
   586 | D:1      | Reached XP level 2. HP: 16/16 MP: 4/4
   828 | D:1      | Reached skill level 6 in Ranged Weapons
   840 | D:1      | 840 ||| UPGRADING to +0 helmet.
   845 | D:1      | 845 ||| UPGRADING to +0 pair of gloves.
   850 | D:1      | 850 ||| DRINKING 4 silvery potions.
   952 | D:2      | Reached XP level 3. HP: 11/20 MP: 5/5
   952 | D:2      | 952 ||| FLEEEEING.
   953 | D:2      | 953 ||| FLEEEEING.
   954 | D:2      | 954 ||| FLEEEEING.
   955 | D:2      | 955 ||| FLEEEEING.
   956 | D:2      | 956 ||| FLEEEEING.
   957 | D:2      | 957 ||| FLEEEEING.
   958 | D:2      | 958 ||| FLEEEEING.
   959 | D:2      | 959 ||| FLEEEEING.
   960 | D:2      | 960 ||| FLEEEEING.
   961 | D:2      | 961 ||| FLEEEEING.
   962 | D:2      | 962 ||| FLEEEEING.
   963 | D:2      | 963 ||| FLEEEEING.
   964 | D:2      | 964 ||| FLEEEEING.
   965 | D:2      | 965 ||| FLEEEEING.
   966 | D:2      | 966 ||| FLEEEEING.
   967 | D:2      | 967 ||| FLEEEEING.
   968 | D:2      | 968 ||| FLEEEEING.
   969 | D:2      | 969 ||| FLEEEEING.
   970 | D:2      | 970 ||| FLEEEEING.
   971 | D:2      | 971 ||| FLEEEEING.
   972 | D:2      | 972 ||| FLEEEEING.
   973 | D:2      | 973 ||| FLEEEEING.
   974 | D:2      | 974 ||| FLEEEEING.
   975 | D:2      | 975 ||| FLEEEEING.
   976 | D:2      | 976 ||| FLEEEEING.
   977 | D:2      | 977 ||| FLEEEEING.
   978 | D:2      | 978 ||| FLEEEEING.
   979 | D:2      | 979 ||| FLEEEEING.
   980 | D:2      | 980 ||| FLEEEEING.
   981 | D:2      | 981 ||| FLEEEEING.
   982 | D:2      | 982 ||| FLEEEEING.
   983 | D:2      | 983 ||| FLEEEEING.
  1022 | D:2      | Reached skill level 7 in Ranged Weapons
  1068 | D:2      | Found a broken altar of Ashenzari.
  1167 | D:2      | 1167 ||| READING scroll labelled MAGRE GE AMMEN.
  1600 | D:2      | Reached XP level 4. HP: 20/25 MP: 6/6
  1636 | D:2      | 1636 ||| READING scroll labelled XYLAOM VEKHI.
  1722 | D:3      | Reached skill level 8 in Ranged Weapons
  1743 | D:3      | HP: 5/25 [orc/+0 war axe (3)]
  1744 | D:3      | 1744 ||| DRINKING 3 potions of heal wounds.
  1830 | D:3      | Found a faded altar of an unknown god.
  1865 | D:3      | Found an opulent altar of Gozag.
  1929 | D:3      | Reached XP level 5. HP: 29/29 MP: 7/7
  2364 | D:3      | Found a faded altar of an unknown god.
  2368 | D:3      | Found a broken altar of Ashenzari.
  2387 | D:3      | 2387 ||| UPGRADING to +0 ring mail.
  2397 | D:3      | 2397 ||| DROPPING +0 leather armour.
  2398 | D:3      | 2398 ||| READING 3 scrolls labelled MEUZACZOZU.
  2399 | D:3      | 2399 ||| READING 2 scrolls of identify.
  2399 | D:3      | 2399 ||| IDENTIFYING brown potion
  2400 | D:3      | 2400 ||| DROPPING 2 scrolls of noise.
  2401 | D:3      | 2401 ||| DROPPING potion of invisibility.
  2684 | D:4      | Reached skill level 9 in Ranged Weapons
  2782 | D:4      | Found Nuumilum's Antique Armour Shop.
  2813 | D:4      | Noticed Sigmund
  2823 | D:4      | HP: 7/30 [something (7)]
  2824 | D:4      | Killed Sigmund
  2825 | D:4      | Reached skill level 3 in Fighting
  2825 | D:4      | Reached XP level 6. HP: 9/37 MP: 8/8
  2979 | D:4      | HP: 8/37 [orc/+0 hand axe (3)]
  2980 | D:4      | 2980 ||| DRINKING 2 potions of heal wounds.
  2984 | D:4      | Reached skill level 1 in Armour
  3128 | D:4      | Reached XP level 7. HP: 41/41 MP: 9/9
  3147 | D:4      | 3147 ||| READING 3 scrolls labelled QASAAS IREBISH.
  3148 | D:4      | 3148 ||| READING scroll labelled FUINOROBENY.
  3149 | D:4      | 3149 ||| DROPPING 2 scrolls of amnesia.
  3153 | D:4      | 3153 ||| STAIRDANCE
  3483 | D:4      | Reached skill level 10 in Ranged Weapons
  3608 | D:5      | Entered Level 5 of the Dungeon
  3614 | D:5      | Found a shadowy altar of Dithmenos.
  3738 | D:5      | Reached skill level 3 in Dodging
  3873 | D:5      | Found a staircase to the Ecumenical Temple.
  3874 | D:5      | 3874 ||| PLANNING TEMPLE
  3874 | D:5      | 3874 ||| DRINKING 2 metallic black potions.
  3883 | Temple   | Entered the Ecumenical Temple
  3890 | Temple   | 3890 ||| PLANNING OKAWARU WORSHIP
  3897 | Temple   | Became a worshipper of Warmaster Okawaru
  3898 | Temple   | 3898 ||| PLANNING D:1-11
  4072 | D:5      | You fall into a shaft and drop 3 floors!
  4090 | D:8      | 4090 ||| Stepping ~*~*~tactically~*~*~ (outnumbered).
  4200 | D:7      | Reached skill level 11 in Ranged Weapons
  4209 | D:7      | Reached XP level 8. HP: 39/46 MP: 10/10
  4246 | D:7      | Noticed Pikel
  4261 | D:7      | HP: 9/46 [lemure[Pikel] (3)]
  4262 | D:7      | 4262 ||| DRINKING potion of heal wounds.
  4266 | D:7      | HP: 9/46 [lemure[Pikel] (8)]
  4267 | D:7      | HP: 4/46 [Pikel/+1 whip of electrocution (1)]
  4267 | D:7      | Slain by a lemure

Levels and vault maps discovered:
D:1:      minmay_arrival_shattered_statue, layout_loops_ring,
          serial_co_window_serial, co_window_paths_a, co_window_corner_a,
          co_window_paths_a, co_window_corner_a, co_window_paths_a,
          co_window_broadway_b, co_window_corner_ca, co_window_cross_2,
          glass_columns_a, glass_columns_a, glass_columns_a, glass_columns_a,
          glass_columns_b, grunt_decor_one_mirror
D:2:      layout_loops_ring, basic_altar, minmay_3d_cube
D:3:      layout_loops_ring, nicolae_overflow_ecumenical_swirl,
          grunt_gozag_breadcrumbs, shapermc_ecumenical_altar_starsandcircs,
          chequers_serial_rivers_micro_e
D:4:      layout_basic, serial_shops, nicolae_shop_window_shopping, uniq_sigmund
D:5:      layout_gridville, grunt_dithmenos_smoke, minmay_temple_entry_slanted,
          minmay_misc_feat_diagonals
D:7:      layout_cave_pools, kennysheep_mini, slow_altar_1,
          gammafunk_ghost_abyssal_escape, serial_shops, kennysheep_mini_moat,
          grunt_decor_arrowhead, uniq_pikel
D:8:      kennysheep_big_flooded_room, layout_loops_ring,
          mainiacjoe_overflow_brackets, serial_ice, serial_ice_j, serial_ice_d,
          serial_ice_e, serial_ice_n, uniq_erica
Temple:   hellmonk_temple_rainy

Skill      XL: |  1  2  3  4  5  6  7 |
---------------+----------------------+-----
Ranged Weapons | 6 7 8 9 11 | 11.5
Fighting       | 3 |  3.3
Armour         | 1 |  1.6
Dodging        | 3 |  3.4
Stealth        | |  1.2

Action                     |  1- 3 |  4- 6 |  7- 9 || total
---------------------------+-------+-------+-------++-------
   Fire: Shortbow          |    95 |   164 |   172 ||   431
    Use: Scroll            |     4 |     3 |     2 ||     9
         Potion            |     1 |     2 |     2 ||     5
 Armour: Leather armour    |     7 |     5 |       ||    12
         Ring mail         |       |    12 |    28 ||    40
  Dodge: Dodged            |    35 |    67 |   122 ||   224

Table legend:
 A = Non-vault XP
 B = Vault XP
 C = Vault XP percentage of total XP
 D = Non-vault monster count
 E = Vault monster count
 F = Vault count percentage of total count
                 A         B        C        D         E       F
            +---------+---------+-------+---------+---------+-------
      Total |    1163 |     290 |  20.0 |      99 |       5 |   4.8
            +---------+---------+-------+---------+---------+-------
        D:1 |      14 |       0 |   0.0 |       7 |       0 |   0.0
        D:2 |      77 |      51 |  39.8 |      23 |       4 |  14.8
        D:3 |      92 |       0 |   0.0 |      23 |       0 |   0.0
        D:4 |     415 |     239 |  36.5 |      27 |       1 |   3.6
        D:5 |     237 |       0 |   0.0 |      10 |       0 |   0.0
        D:7 |     234 |       0 |   0.0 |       6 |       0 |   0.0
        D:8 |      94 |       0 |   0.0 |       3 |       0 |   0.0
            +---------+---------+-------+---------+---------+-------
